 Dungeon Crawl Stone Soup version 0.29.1-12-g30fa7ad0bf (webtiles) character file.

Game seed: 13329913398244931223

47 booth the Magician (level 3, -3/25 HPs)
             Began as a Djinni Fire Elementalist on Jan 9, 2023.
             Was a Plaything of Xom.
             Slain by Robin
             ... wielding a +0 trident
              (4 damage)
             ... on level 2 of the Dungeon.
             The game lasted 00:11:51 (1617 turns).

booth the Magician (Djinni Fire Elementalist)       Turns: 1617, Time: 00:11:52

Health: -3/25      AC:  3    Str:  7    XL:     3   Next: 97%
Gold:   74         EV: 12    Int: 18    God:    Xom [..*...] SH:  0 Dex: 13

rFire   + + .      SeeInvis .   j - +0 spear
rCold   x . .      Faith    .   (no shield)
rNeg    . . .      Spirit   .   a - +0 robe
rPois   ∞          Reflect  .   (no helmet)
rElec   .          Harm     .   (no cloak)
rCorr   .          Rampage  .   k - +0 pair of gloves
Will    .....                   (boots unavailable)
Stlth   ++........              (no amulet)
HPRegen 0.08/turn               (no ring)
MPRegen 0.00/turn               (no ring)

@: flying, invisible
A: sickness immunity, fire resistance 2, cold vulnerability 1, float, innate
caster, HP casting, extra vitality 1
a: Renounce Religion


You were on level 2 of the Dungeon.
You worshipped Xom.
You were a toy of Xom.
You visited 1 branch of the dungeon, and saw 2 of its levels.

You collected 74 gold pieces.

Inventory:

Hand Weapons
 j - a +0 spear (weapon)
Missiles
 b - 4 javelins
Armour
 a - a +0 robe (worn)
 e - a +0 leather armour
 k - a +0 pair of gloves (worn)
Scrolls
 c - 2 scrolls of teleportation {unknown}
 d - 2 scrolls of summoning {unknown}
 f - 2 scrolls of identify {unknown}
 h - a scroll of vulnerability {unknown}
 i - a scroll of fear {unknown}
Potions
 g - a potion of brilliance {unknown}


   Skills:
 + Level 0.1 Fighting
 + Level 0.1 Polearms
 + Level 2.5 Dodging
 + Level 1.9 Stealth
 + Level 3.2 Spellcasting


You couldn't memorise any spells.
You knew the following spells:

 Your Spells              Type           Power      Damage    Failure   Level
a - Foxfire               Conj/Fire      56%        2x1d6     4%          1
b - Scorch                Fire           28%        2d6       6%          2
c - Conjure Flame         Conj/Fire      14%        6-21      13%         3
d - Inner Flame           Hex/Fire       14%        N/A       13%         3
e - Flame Wave            Conj/Fire      14%        2d6       38%         4
f - Slow                  Hex            56%        N/A       4%          1
Your spell library was empty.

Dungeon Overview and Level Annotations

Branches:
Dungeon (2/15)

Altars:
Xom

Annotations:
D:2 Robin, Sigmund, Terence


Innate Abilities, Weirdness & Mutations

You are immune to sickness and miasma.
You are immune to poison.
Your flesh is very heat resistant. (rF++)
You are vulnerable to cold. (rC-)
You float through the air rather than walking.
You learn spells naturally, not from books.
Your magical power is your life essence.
You have superior vitality. (+4 MHP)


Message History

Robin hits you from afar with a +0 trident.
The goblin hits you with a +0 dagger. The goblin closely misses you.
A hobgoblin comes into view.
The goblin closely misses you.
The goblin unwields a +0 sling.
The goblin wields a +0 club.
The goblin misses you.
You hit the goblin but do no damage.
The goblin is severely wounded.
Robin hits you from afar with a +0 trident.
The goblin barely misses you.
The goblin hits you with a +0 dagger. x2
The goblin barely misses you.
You barely miss the goblin.
The goblin is severely wounded.
Robin closely misses you. The goblin hits you but does no damage.
A goblin comes into view. It is wielding a +0 dagger.
The goblin hits you with a +0 dagger.
* * * LOW HITPOINT WARNING * * *
The goblin closely misses you.
A goblin comes into view. It is wielding a +0 club.
The goblin completely misses you.
You closely miss the goblin.
The goblin is severely wounded. "Go forth and destroy!"
You fade into invisibility!
Robin completely misses you. The goblin closely misses you.
The goblin hits you with a +0 dagger.
* * * LOW HITPOINT WARNING * * *
The goblin hits you with a +0 dagger.
* * * LOW HITPOINT WARNING * * *
The goblin barely misses you. The goblin misses you.
The goblin hits you but does no damage. Robin misses you.
The goblin misses you.
Casting: Foxfire (safe; 4% risk of failure)
Confirm with . or Enter, or press ? or * to list all spells.
Flames lash the goblin.
You kill the goblin!
The goblin shouts!
* * * LOW HITPOINT WARNING * * *
The goblin closely misses you. The goblin misses you.
Robin hits you from afar with a +0 trident.
You die...

#.#.............>###########
#'###..........#.#
....#..........#.#
....#..........#.#
........######.#.# ........#
#.#.+ ........# #.#.#
#'#.....######'#g#
#.#.....#......g@#
#.#.....#......gg#
#.#.....#......gg#
#.#.....#........#
#.#.....#........#
#.#.....#......gg# #
#.#.....#........##.####
#....# ######.#.g......
####.#######...#..#'####


You could see Robin (unable to see you), a hobgoblin (strong, unable to see you)
and 7 goblins.

Vanquished Creatures
  2 adders (D:2)
  A worm (D:2)
  A dart slug (D:1)
  An orc (D:2)
  3 ball pythons
  An endoplasm (D:1)
  A giant cockroach (D:1)
  5 goblins
  3 quokkas (D:1)
  A bat (D:2)
  A frilled lizard (D:1)
  3 rats
23 creatures vanquished.

Vanquished Creatures (collateral kills)
  An endoplasm (D:1)
1 creature vanquished.

Vanquished Creatures (others)
  52 foxfires
52 creatures vanquished.

Grand Total: 76 creatures vanquished

Notes
Turn   | Place    | Note
-------+----------+-------------------------------------------
     0 | D:1      | booth the Djinni Fire Elementalist began the quest for the
                  | Orb.
     0 | D:1      | booth set off with the following spells memorised: Foxfire,
                  | Scorch, Conjure Flame, Inner Flame, Flame Wave.
     0 | D:1      | Reached XP level 1. HP: 15/15 MP: 0/0
   482 | D:1      | Found a faded altar of an unknown god.
   490 | D:1      | Prayed at the altar of an unknown god.
   490 | D:1      | Became a worshipper of Xom of Chaos
   543 | D:1      | Reached XP level 2. HP: 19/21 MP: 0/0
   806 | D:1      | XOM: cast spell 'Call Canine Familiar'
  1192 | D:2      | Reached skill level 3 in Spellcasting
  1192 | D:2      | Reached XP level 3. HP: 24/25 MP: 0/0
  1192 | D:2      | Learned a level 1 spell: Slow
  1392 | D:2      | Noticed Sigmund
  1404 | D:2      | Noticed Terence
  1597 | D:2      | Noticed Robin
  1616 | D:2      | XOM: potion effect (invisibility)
  1617 | D:2      | Slain by Robin

Illustrated notes

Levels and vault maps discovered:
D:1:      elethiomel_arrival_shortcut, layout_loops_ring,
          ebering_ecumenical_altar_petrified
D:2:      layout_basic, uniq_sigmund, uniq_terence, uniq_robin

Skill      XL: |  1  2 |
---------------+-------+-----
Spellcasting   | 3 |  3.2
Fighting       | |  0.1
Polearms       | |  0.1
Dodging        | |  2.5
Stealth        | |  1.9

Action                   || total
-------------------------++-------
Melee: Staff             ||     5
       Spear             ||    37
       Punch             ||     1
 Cast: Foxfire           ||    30
       Scorch            ||     1
 Stab: Sleeping          ||     1
Armor: Robe              ||     9
Dodge: Dodged            ||    53
